Map: 亚历山大港 - 天梯版

Players

RiSky

  • Race: Zerg Zerg

Dark - Winner!

  • Race: Zerg Zerg
  • League: Gold

Event: WESG 2018 Grand Finals

VOD

Have the link to the VOD?

Description

Time

  • Played on: March 11, 2019, 8:30 a.m.
  • Length: 11:12

All games in this series

Show
View Real Time Build Order
Export as new Build Order

RiSky Zerg 

Build Orders: Hatch First, Lurkers 

Get SALT Encoding   

  12  0:00  Drone  
  13  0:13  Overlord  
  13  0:18  Drone  
  14  0:31  Drone x2  
  16  0:53  Hatchery  
  16  0:56  Drone  
  16  0:59  Drone  
  16  1:04  Drone  
  18  1:14  Extractor  
  17  1:20  Spawning Pool  
  17  1:22  Drone  
  17  1:26  Drone  
  17  1:29  Drone  
  19  1:39  Drone  
  20  1:50  Overlord  
  20  2:03  Drone  
  20  2:05  Drone  
  20  2:06  Queen  
  20  2:07  Queen  
  26  2:12  Drone  
  28  2:15  Drone  
  28  2:23  Drone  
  28  2:26  Drone  
  30  2:35  Overlord  
  30  2:37  Drone  
  30  2:42  Queen, Evolution Chamber  
  32  2:45  Drone  
  32  2:48  Drone  
  34  2:55  Drone  
  35  2:59  Drone  
  36  3:06  Drone  
  36  3:08  Zerg Ground Armor Level 1  
  36  3:10  Drone  
  38  3:14  Drone x2  
  38  3:15  Drone x3  
  38  3:16  Drone  
  38  3:19  Lair  
  44  3:25  Roach Warren  
  43  3:29  Extractor  
  43  3:30  Extractor  
  41  3:34  Overlord  
  41  3:36  Drone x2  
  41  3:37  Drone  
  44  3:43  Extractor  
  44  3:44  Drone  
  44  3:52  Overlord  
  44  3:54  Metabolic Boost, Drone x3  
  47  3:56  Drone x2  
  47  3:57  Drone  
  47  3:59  Drone  
  51  4:05  Overlord  
  51  4:08  Zergling x2  
  52  4:14  Zergling x6  
  52  4:16  Glial Reconstitution  
  55  4:18  Hydralisk Den  
  55  4:20  Zergling x2  
  55  4:22  Zergling x2  
  56  4:28  Zergling x8  
  60  4:35  Zergling x2  
  60  4:37  Evolution Chamber  
  60  4:39  Zergling x2  
  60  4:44  Zergling x2  
  62  4:52  Lurker Den  
  61  4:55  Zergling x4  
  61  4:57  Zergling x2  
  61  4:58  Zergling x4  
  66  5:01  Overlord  
  66  5:04  Zerg Missile Weapons Level 1  
  66  5:06  Zergling x2  
  66  5:13  Overlord  
  65  5:18  Overlord  
  65  5:19  Overlord  
  63  5:21  Zergling x2  
  63  5:22  Zergling x4  
  63  5:25  Nydus Network  
  61  5:29  Zergling x2  
  61  5:33  Zergling x2  
  61  5:34  Zergling x6  
  66  5:39  Zergling x2, Hatchery  
  65  5:44  Overseer  
  65  5:46  Zergling x2  
  63  5:53  Zergling x4  
  51  5:57  Zergling x6  
  51  6:01  Roach  
  50  6:07  Zergling x2  
  50  6:08  Zergling x6  
  50  6:14  Zergling x2  
  51  6:20  Zergling x2  
  50  6:26  Hydralisk  
  50  6:27  Hydralisk x3  
  50  6:32  Hydralisk  
  58  6:35  Hydralisk  
  61  6:43  Zergling x2  
  61  6:46  Zergling x2  
  63  6:52  Lurker x3  
  63  6:53  Zergling x2  
  67  6:55  Lurker  
  67  6:56  Queen  
  67  6:57  Zergling x2  
  67  7:00  Lurker  
  67  7:01  Lurker  
  73  7:04  Zergling x2  
  74  7:09  Zergling x2  
  74  7:21  Zergling x4  
  60  7:27  Zergling x2  
  56  7:30  Nydus Canal  
  56  7:32  Zergling x2  
  56  7:34  Queen  
  57  7:42  Zergling x4  
  59  7:47  Zergling x2  
  59  7:48  Queen  
  59  7:50  Zergling x2  
  58  8:03  Zergling x4  
  57  8:08  Zergling x4  
  50  8:15  Nydus Canal  
  50  8:18  Zergling x6  
  52  8:21  Zergling x2  
  52  8:24  Queen  
  44  8:28  Zergling x2  
  44  8:32  Nydus Canal  
  44  8:33  Zergling x2  
  46  8:36  Hydralisk x2  
  46  8:37  Hydralisk  
  52  8:44  Overlord  
  52  8:52  Hydralisk  
  53  9:02  Hydralisk  
  53  9:03  Lurker  
  53  9:07  Lurker  
  57  9:10  Lurker  
  58  9:20  Hydralisk  
  58  9:22  Hydralisk  
  62  9:26  Overseer  
  63  9:31  Lurker  
  63  9:34  Lurker  
  63  9:38  Nydus Canal  
  64  9:42  Zergling x2  
  64  9:44  Zergling x2  
  65  9:47  Lurker  
  66  9:59  Zergling x6  
  67  10:16  Zergling x4  
  64  10:32  Zergling x6  
  60  10:38  Nydus Canal  
  57  10:45  Zergling x2  
  58  10:55  Zergling x2  
Show
View Real Time Build Order
Export as new Build Order

Dark Zerg - Winner!

Build Orders: Hatch First 

Get SALT Encoding   

  12  0:01  Drone  
  13  0:14  Overlord  
  13  0:20  Drone  
  14  0:34  Drone x2  
  16  0:39  Drone  
  17  0:55  Hatchery  
  17  0:56  Drone  
  17  0:59  Drone  
  18  1:09  Extractor  
  17  1:15  Spawning Pool  
  17  1:17  Drone  
  17  1:20  Drone  
  18  1:30  Drone  
  19  1:42  Drone  
  20  1:54  Overlord  
  20  2:01  Queen  
  20  2:06  Queen  
  20  2:08  Drone x2  
  26  2:10  Metabolic Boost  
  26  2:13  Drone  
  27  2:20  Drone  
  28  2:24  Drone  
  28  2:28  Drone  
  30  2:42  Drone, Hatchery  
  30  2:46  Zergling x4  
  30  2:51  Evolution Chamber  
  31  2:55  Overlord  
  31  2:57  Drone  
  32  3:06  Drone  
  32  3:07  Drone  
  34  3:14  Drone x5  
  34  3:15  Drone  
  34  3:17  Drone  
  41  3:23  Queen  
  43  3:29  Overlord  
  43  3:34  Zerg Ground Armor Level 1  
  43  3:43  Overlord  
  43  3:49  Zergling x2  
  43  3:50  Zergling x12  
  43  3:51  Zergling x2  
  51  4:03  Zergling x6  
  54  4:12  Roach Warren, Drone  
  54  4:21  Zergling x10  
  58  4:24  Overlord  
  58  4:26  Drone  
  58  4:29  Drone x4  
  63  4:31  Drone  
  63  4:46  Zergling x4  
  63  4:47  Zergling x4  
  66  4:59  Zergling x10  
  73  5:00  Zergling x6  
  71  5:11  Zergling x4  
  71  5:13  Overlord x2  
  71  5:14  Overlord  
  73  5:16  Zergling x2  
  73  5:19  Zergling x2  
  73  5:23  Zergling x2  
  73  5:24  Zergling x4  
  73  5:28  Overlord x2  
  72  5:30  Hatchery  
  72  5:31  Zerg Melee Weapons Level 1  
  72  5:33  Zergling x2  
  72  5:34  Roach, Zergling x4  
  72  5:35  Roach x2  
  80  5:38  Roach x3  
  80  5:42  Roach  
  87  5:43  Roach  
  87  5:45  Roach  
  87  5:49  Roach  
  81  5:57  Zergling x10  
  81  5:58  Zergling x4  
  84  6:06  Zergling x6  
  86  6:12  Zergling x2  
  86  6:13  Zergling x4  
  86  6:15  Zergling x6  
  92  6:20  Zergling x2  
  92  6:25  Zergling x2  
  92  6:26  Ravager x2  
  92  6:27  Zergling x2  
  92  6:28  Zergling x6  
  98  6:34  Zergling x8  
  98  6:39  Ravager  
  103  6:42  Zergling x2  
  103  6:45  Zergling x6  
  104  6:51  Zergling x2  
  105  6:55  Zergling x2, Extractor  
  105  6:56  Zergling x14, Extractor  
  105  6:58  Zergling x2  
  112  7:01  Zergling x2  
  112  7:05  Zergling x2  
  112  7:07  Ravager  
  112  7:08  Zergling x4  
  113  7:20  Roach  
  97  7:28  Roach  
  97  7:29  Drone  
  81  7:30  Drone x2  
  81  7:34  Roach  
  81  7:35  Zergling x6  
  81  7:36  Zergling x10  
  87  7:38  Roach  
  87  7:41  Roach, Spore Crawler  
  87  7:43  Roach  
  91  7:50  Zergling x8  
  90  7:51  Roach x2  
  90  7:53  Roach  
  92  7:59  Roach x2  
  92  8:01  Roach  
  92  8:05  Roach  
  82  8:13  Zergling x6  
  82  8:16  Zergling x4  
  85  8:21  Roach x2  
  83  8:27  Lair  
  83  8:28  Roach  
  83  8:30  Roach  
  87  8:35  Roach x2  
  87  8:36  Zergling x4  
  87  8:37  Zergling x2  
  87  8:38  Zergling x6  
  87  8:39  Roach  
  87  8:40  Zergling x4  
  101  8:50  Zergling x4  
  101  8:51  Zerg Missile Weapons Level 1  
  101  8:52  Zergling x2  
  101  8:53  Zergling x2  
  105  8:58  Drone x2  
  105  8:59  Drone  
  105  9:01  Drone  
  109  9:15  Drone x2  
  109  9:17  Drone x3  
  113  9:18  Overlord, Extractor  
  113  9:19  Overlord  
  113  9:24  Glial Reconstitution  
  113  9:27  Overseer  
  113  9:28  Overseer  
  113  9:31  Roach x2  
  113  9:32  Roach  
  119  9:39  Roach x3  
  119  9:41  Drone x2  
  129  9:53  Roach x4  
  135  10:04  Overlord  
  133  10:21  Ravager x4  
  134  10:25  Roach  
  134  10:26  Roach x3  
  138  10:29  Roach  
  136  10:38  Ravager  
  136  10:42  Overlord  
  135  10:50  Overlord, Overseer  
Tags
 
Add a new tag
Caveats
  • Supply blocks, unpowered buildings, or Contaminate may cause inaccurate times.
  • Supply counts are checked every 10 seconds.